 Dungeon Crawl Stone Soup version 0.32-a0-928-g1cae6b7ea0 (webtiles) character file.

Game seed: 3360259498399049263

748 RotoRooter the Magician (level 8, 0/50 HPs)
             Began as a Djinni Hedge Wizard on Apr 13, 2024.
             Was a Plaything of Xom.
             Slain by a mana viper (15 damage)
             ... on level 6 of the Dungeon.
             The game lasted 00:24:48 (4073 turns).

RotoRooter the Magician (Djinni Hedge Wizard)       Turns: 4073, Time: 00:24:48

Health: 0/50       AC:  3    Str:  9      XL:     8   Next: 6%
Gold:   187        EV: 11    Int: 17      God:    Xom [...*..] SH:  0 Dex: 12 (14)

rFire   + + .        i - staff of conjuration
rCold   x . .        (no shield)
rNeg    . . .        b - +0 robe
rPois   ∞            c - +0 hat
rElec   .            (no cloak)
rCorr   +            n - +0 pair of gloves
SInv    .            (boots unavailable)
Will    .....        h - amulet of faith
Stlth   ++           s - ring of resist corrosion
HPRegen 0.28/turn    (no ring)

%: faith, infuse magic (-1 HP)
@: flying
A: sickness immunity, fire resistance 2, cold vulnerability 1, float, innate
caster, HP casting, extra vitality 1
a: Renounce Religion


You were on level 6 of the Dungeon.
You worshipped Xom.
You were a favourite toy of Xom.
You visited 2 branches of the dungeon, and saw 7 of its levels.

You collected 187 gold pieces.

Inventory:

Armour
 b - a +0 robe (worn)
 c - a +0 hat (worn)
 n - a +0 pair of gloves (worn)
Magical Staves
 i - a staff of conjuration (weapon)
Jewellery
 h - an amulet of faith (around neck)
 s - a ring of resist corrosion (left hand)
Wands
 k - a wand of warping (22)
 x - a wand of flame (18)
Scrolls
 d - a scroll of enchant armour {unknown}
 e - 4 scrolls of teleportation
 f - 5 scrolls of identify {unknown}
 g - 2 scrolls of enchant weapon {unknown}
 j - a scroll of amnesia {unknown}
 m - 2 scrolls of fear {unknown}
 r - a scroll of torment {unknown}
 u - a scroll of acquirement {unknown}
 v - a scroll of fog {unknown}
Potions
 a - a potion of lignification {unknown}
 l - a potion of heal wounds {unknown}
 o - a potion of curing
 p - a potion of ambrosia {unknown}
 q - a potion of mutation {unknown}
 t - a potion of haste {unknown}
 w - a potion of brilliance


   Skills:
 - Level 2.1 Dodging
 - Level 1.5 Stealth
 * Level 7.2 Spellcasting
 * Level 7.2 Conjurations
 * Level 7.2 Hexes
   Level 0.0 Charms
 * Level 7.2 Summonings
 * Level 7.2 Necromancy
 * Level 7.2 Translocations
   Level 0.0 Transmutations
 * Level 7.2 Fire Magic
 * Level 7.2 Ice Magic
 * Level 7.2 Air Magic
 * Level 7.2 Earth Magic
 * Level 7.2 Alchemy


You knew the following spells:

 Your Spells              Type           Power      Damage    Failure   Level
a - Magic Dart            Conj           100%       1d8       1%          1
b - Slow                  Hex            100%       N/A       1%          1
c - Blink                 Tloc           60%        N/A       1%          2
d - Call Imp              Summ           60%        N/A       1%          2
e - Mephitic Cloud        Conj/Alch/Air  46%        N/A       1%          3
f - Apportation           Tloc           60%        N/A       1%          1
g - Momentum Strike       Conj/Tloc      92%        3d10      1%          2
h - Volatile Blastmotes   Fire/Tloc      60%        2d15      1%          3
Your spell library was empty.

Dungeon Overview and Level Annotations

Branches:
Dungeon (6/15)             Temple (1/1) D:4

Altars:
Ashenzari
Cheibriados
Trog
Uskayaw
Wu Jian
Xom
Lugonu

Shops:
D:3 :   D:5 =

Portals:
Abyss: Temple

Annotations:
D:5 2 transporters, MadMike78's ghost, novice GnAl


Innate Abilities, Weirdness & Mutations

You are immune to sickness and miasma.
You are immune to poison.
Your flesh is very heat resistant. (rF++)
You are vulnerable to cold. (rC-)
You float through the air rather than walking.
You learn spells naturally, not from books.
Your magical power is your life essence.
You have superior vitality. (+4 MHP)


Message History

The white imp misses your cerulean imp.
Your surroundings suddenly seem different.
An ice beast comes into view.
Found 8 gold pieces.
Xom roars with laughter!
You see here 8 gold pieces.
Casting: Slow (safe; 1% risk of failure)
Confirm with . or Enter, or press ? or * to list all spells.
A tiny devil pulls itself out of the air.
* * * LOW HITPOINT WARNING * * *
You now have 187 gold pieces (gained 8).
Casting: Call Imp (safe; 1% risk of failure)
Confirm with . or Enter, or press ? or * to list all spells.
You can't see any susceptible monsters within range! (Use Z to cast anyway.) Unknown command.
Unknown command.
Casting: Call Imp (safe; 1% risk of failure)
Confirm with . or Enter, or press ? or * to list all spells.
A cloud of volatile blastmotes flares up around you!
Run!
* * * LOW HITPOINT WARNING * * *
Xom's power touches on a nearby monster.
The ice beast evaporates and reforms as a mana viper!
You are now a favourite toy of Xom.
Found a scroll labelled GASODU KIUXOMP.
Your cerulean imp barely misses the mana viper.
Your cerulean imp hits the mana viper from afar with a -1 spear.
Casting: Volatile Blastmotes (safe; 1% risk of failure)
Confirm with . or Enter, or press ? or * to list all spells.
A cloud of volatile blastmotes flares up around you!
Run!
* * * LOW HITPOINT WARNING * * *
The cloud of blastmotes explodes!
The concussive blast engulfs the mana viper!
The mana viper is moderately wounded.
The concussive blast engulfs you. You resist.
* * * LOW HITPOINT WARNING * * *
You are knocked back by the blast.
Okay, then.
You feel better. The mana viper bites you!
You die...
Xom roars with laughter!

...################
.......@S.5.......#
....######.........
. #.........
#.........
#.........
#.........
#.........
#.........
#.........


You could see a mana viper (ally target) and a friendly cerulean imp (summoned).

Vanquished Creatures
  A boggart (D:4)
  An ogre (D:6)
  A centaur (D:5)
  3 scorpions
  2 orc priests (D:4)
  A hound (D:5)
  3 orc wizards
  6 adders
  A white imp (D:5)
  A ribbon worm (D:5)
  4 dart slugs
  5 orcs
  8 endoplasms
  A giant cockroach (D:1)
  6 goblins
  7 hobgoblins
  3 jackals (D:2)
  3 kobolds
  A quokka (D:1)
  6 ball pythons
  5 bats
  6 frilled lizards
  9 rats
84 creatures vanquished.

Vanquished Creatures (collateral kills)
  Ijyb (D:3)
  A hobgoblin (D:1)
2 creatures vanquished.

Grand Total: 86 creatures vanquished

Notes
Turn   | Place    | Note
-------+----------+-------------------------------------------
     0 | D:1      | RotoRooter the Djinni Hedge Wizard began the quest for the
                  | Orb.
     0 | D:1      | RotoRooter set off with the following spells memorised:
                  | Magic Dart, Slow, Blink, Call Imp, Mephitic Cloud.
     0 | D:1      | Reached XP level 1. HP: 15/15 MP: 0/0
   104 | D:1      | Reached XP level 2. HP: 5/21 MP: 0/0
   331 | D:1      | Reached XP level 3. HP: 22/25 MP: 0/0
   331 | D:1      | Learned a level 1 spell: Apportation
   935 | D:2      | Reached XP level 4. HP: 22/31 MP: 0/0
  1292 | D:2      | Noticed a phantom
  1715 | D:3      | Found a hide-covered altar of Uskayaw.
  1736 | D:3      | Noticed Ijyb
  1760 | D:3      | Killed Ijyb
  1761 | D:3      | Reached XP level 5. HP: 7/35 MP: 0/0
  1761 | D:3      | Learned a level 2 spell: Momentum Strike
  1930 | D:3      | Found a faded altar of an unknown god.
  1948 | D:3      | Prayed at the altar of an unknown god.
  1948 | D:3      | Became a worshipper of Xom of Chaos
  2027 | D:3      | Found an ornate altar of the Wu Jian Council.
  2192 | D:3      | Found a transporter.
  2192 | D:3      | Found Hamirchi's Book Emporium.
  2265 | D:3      | Found a transporter.
  2351 | D:3      | XOM: silly message
  2436 | D:4      | Found a bloodstained altar of Trog.
  2468 | D:4      | XOM: potion effect (heal wounds)
  2487 | D:4      | Reached skill level 5 in Spellcasting
  2487 | D:4      | Reached skill level 5 in Conjurations
  2487 | D:4      | Reached skill level 5 in Hexes
  2487 | D:4      | Reached skill level 5 in Summonings
  2487 | D:4      | Reached skill level 5 in Necromancy
  2487 | D:4      | Reached skill level 5 in Translocations
  2487 | D:4      | Reached skill level 5 in Fire Magic
  2487 | D:4      | Reached skill level 5 in Ice Magic
  2487 | D:4      | Reached skill level 5 in Air Magic
  2487 | D:4      | Reached skill level 5 in Earth Magic
  2487 | D:4      | Reached skill level 5 in Alchemy
  2487 | D:4      | Reached XP level 6. HP: 29/40 MP: 0/0
  2700 | D:4      | XOM: 1-stop teleportation journey
  2750 | D:4      | XOM: noise
  2940 | D:4      | XOM: silly message
  3143 | D:4      | Found a staircase to the Ecumenical Temple.
  3152 | Temple   | Found a one-way gate to the infinite horrors of the Abyss.
  3152 | Temple   | Entered the Ecumenical Temple
  3188 | D:4      | a hobgoblin changed into a boggart
  3188 | D:4      | Noticed a boggart
  3188 | D:4      | XOM: polymorph hobgoblin -> boggart
  3196 | D:4      | Killed a boggart
  3197 | D:4      | Reached XP level 7. HP: 33/45 MP: 0/0
  3197 | D:4      | Learned a level 3 spell: Volatile Blastmotes
  3291 | D:5      | Entered Level 5 of the Dungeon
  3291 | D:5      | Found a transporter.
  3314 | D:5      | Found a transporter.
  3320 | D:5      | Noticed MadMike78's ghost (novice GnAl)
  3353 | D:5      | XOM: god gift: 5 stones
  3443 | D:5      | XOM: stat loss: -1 Dex (12/13)
  3486 | D:5      | Found a broken altar of Ashenzari.
  3487 | D:5      | Found a snail-covered altar of Cheibriados.
  3795 | D:5      | Found Xygeeless's Jewellery Boutique.
  4044 | D:6      | Reached XP level 8. HP: 43/50 MP: 0/0
  4045 | D:6      | XOM: summons 5 hostile demons
  4046 | D:6      | Noticed an orange demon
  4068 | D:6      | an ice beast changed into a mana viper
  4068 | D:6      | Noticed a mana viper
  4068 | D:6      | XOM: polymorph ice beast -> mana viper
  4073 | D:6      | Slain by a mana viper

Illustrated notes

Levels and vault maps discovered:
D:1:      scummos_arrival_simple_fountains, layout_rooms, solitary_fountain,
          wander_ebering_terrifying_dragon_lair
D:2:      kb_forest_paths, layout_basic
D:3:      layout_rooms, pdpol_wu_jian_five_deadly_venoms,
          mainiacjoe_overflow_small_starburst,
          shapermc_ecumenical_altar_acropolis, serial_shops,
          nicolae_shop_drivethru, uniq_ijyb
D:4:      layout_cave_pools, lemuel_doored_altar, minmay_temple_entry_fiery
D:5:      layout_cave_pools, led_sif_book, mainiacjoe_overflow_divided_tiny,
          gammafunk_ghost_arena, serial_shops, kennysheep_mini_moat
D:6:      layout_rooms, mainiacjoe_overflow_alcove_2,
          fedhas_altar_decomposition, uniq_edmund
Temple:   nicolae_temple_total_abyssal_victory

Skill      XL: |  1  2  3  4  5  6  7 |
---------------+----------------------+-----
Spellcasting   | 4 5 6 7 |  7.2
Conjurations   | 4 5 6 7 |  7.2
Hexes          | 4 5 6 7 |  7.2
Summonings     | 4 5 6 7 |  7.2
Necromancy     | 4 5 6 7 |  7.2
Translocations | 4 5 6 7 |  7.2
Fire Magic     | 4 5 6 7 |  7.2
Ice Magic      | 4 5 6 7 |  7.2
Air Magic      | 4 5 6 7 |  7.2
Earth Magic    | 4 5 6 7 |  7.2
Alchemy        | 4 5 6 7 |  7.2
Dodging        | |  2.1
Stealth        | |  1.5

Action                     |  1- 3 |  4- 6 |  7- 9 || total
---------------------------+-------+-------+-------++-------
  Melee: Dagger            |     4 |       |       ||     4
         Staff             |       |    15 |       ||    15
   Cast: Magic Dart        |    71 |   128 |    34 ||   233
         Blink             |     1 |     1 |     1 ||     3
         Call Imp          |     5 |     5 |     3 ||    13
         Mephitic Cloud    |     3 |    14 |     7 ||    24
         Volatile Blastmot |       |       |     4 ||     4
         Slow              |       |       |     2 ||     2
    Use: Potion            |       |     1 |     3 ||     4
         Scroll            |       |       |     1 ||     1
   Stab: Confused          |       |     3 |       ||     3
 Armour: Robe              |     4 |    17 |    22 ||    43
  Dodge: Dodged            |     4 |     4 |    10 ||    18

Table legend: (Time is in decaauts)
 A = Elapsed time spent in this place.
 B = Non-inter-level travel time spent in this place.
 C = Inter-level travel time spent in this place.
 D = Time resting spent in this place.
 E = Time spent auto-exploring this place.
 F = Levels seen in this place.
 G = Mean time per level.
                   A        B        C        D        E       F      G
               +--------+--------+--------+--------+--------+-----+--------+
         Total |   4073 |   4033 |     40 |    628 |   2511 |   7 |  581.9 |
       Dungeon |   4069 |   4029 |     40 |    628 |   2511 |   6 |  678.2 |
        Temple |      3 |      3 |      0 |      0 |      0 |   1 |    3.0 |
               +--------+--------+--------+--------+--------+-----+--------+

Top non-repeatable levels by time:
     D:1: 955 daAuts
     D:4: 891 daAuts
     D:5: 738 daAuts
     D:2: 735 daAuts
     D:3: 704 daAuts
     D:6: 42 daAuts
  Temple: 3 daAuts
